 Dungeon Crawl Stone Soup version 0.29-a0-367-gc2b5878c41 (webtiles) character file.

Game seed: 17499432130336588560

28 Ge0ff the Cutter (level 3, -4/30 HPs)
             Began as a Djinni Monk on May 1, 2022.
             Was a Believer of Elyvilon.
             Slain by a hound (6 damage)
             ... on level 5 of the Dungeon.
             The game lasted 00:02:35 (1536 turns).

Ge0ff the Cutter (Djinni Monk)                      Turns: 1536, Time: 00:02:35

Health: -4/30      AC: -2    Str: 10    XL:     3   Next: 27%
Gold:   6          EV: 13    Int: 13    God:    Elyvilon [**....] SH:  0 Dex: 15

rFire   + + .      SeeInvis .   a - +0 short sword
rCold   x . .      Faith    .   (no shield)
rNeg    . . .      Spirit   .   b - +0 robe
rPois   ∞          Reflect  .   (no helmet)
rElec   .          Harm     .   (no cloak)
rCorr   .          Rampage  .   (no gloves)
Will    .....                   (boots unavailable)
Stlth   ++........              (no amulet)
HPRegen 0.10/turn               (no ring)
MPRegen 0.00/turn               (no ring)

@: corroded, flying, studying Armour
A: sickness immunity, fire resistance 2, cold vulnerability 1, float, innate
caster, HP casting, extra vitality 1
a: Renounce Religion, Purification, Heal Other


You were on level 5 of the Dungeon.
You worshipped Elyvilon.
Elyvilon was pleased with you.
You visited 1 branch of the dungeon, and saw 5 of its levels.

You collected 6 gold pieces.

Inventory:

Hand Weapons
 a - a +0 short sword (weapon)
 G - a +0 falchion of freezing
Missiles
 F - 14 stones (quivered)
Armour
 b - a +0 robe (worn)
Scrolls
 E - a scroll of fear
 T - a scroll of teleportation
Potions
 s - a potion of heal wounds {unknown}


   Skills:
 - Level 3.0 Fighting
 + Level 3.8 Short Blades
 - Level 3.2 Dodging
 - Level 1.5 Stealth


You had one spell level left.
You knew the following spells:

 Your Spells              Type           Power      Damage    Failure   Level
k - Magic Dart            Conj           0%         1d3       30%         1
Your spell library was empty.

Dungeon Overview and Level Annotations

Branches:
Dungeon (5/15)
 Temple: D:4-7

Altars:
Elyvilon
Sif Muna

Annotations:
D:2 Jessica
D:5 Ijyb


Innate Abilities, Weirdness & Mutations

You are immune to sickness and miasma.
You are immune to poison.
Your flesh is very heat resistant. (rF++)
You are vulnerable to cold. (rC-)
You float through the air rather than walking.
You learn spells naturally, not from books.
Your magical power is your life essence.
You have superior vitality. (+4 MHP)


Message History

Found 8 gold pieces.
You reach down and open the door.
There is an open door here.
You reach down and open the door.
There is an open door here.
HP restored.
You reach down and open the door.
There is an open door here.
You reach down and open the door.
There is an open door here.
Found a stone staircase leading down.
Found 12 gold pieces.
A goblin comes into view. It is wielding a +0 dagger.
Found 13 gold pieces.
The goblin shouts!
There is a stone staircase leading down here.
You fly downwards.
There is a stone staircase leading up here.
Ijyb and a hound come into view.
Ijyb is wielding a +0 club and carrying a wand of acid (9).
An orc comes into view. It is wielding a +0 trident.
Unknown command.
Found a dagger.
The orc shouts!
The hound bites you but does no damage.
You closely miss Ijyb. The hound bites you.
You barely miss Ijyb. Ijyb screams, "I cut your head off!"
Ijyb hits you with a +0 club. The hound bites you but does no damage.
You completely miss Ijyb. The hound closely misses you.
Ijyb hits you with a +0 club.
A phantom comes into view.
The hound bites you.
You closely miss Ijyb. Ijyb hits you with a +0 club!
* * * LOW HITPOINT WARNING * * *
The hound barely misses you.
You hit Ijyb.
Ijyb is lightly wounded.
The hound bites you.
* * * LOW HITPOINT WARNING * * *
The orc closely misses you. Ijyb hits you but does no damage.
You hit Ijyb.
Ijyb is moderately wounded.
The hound misses you. The orc closely misses you.
Ijyb zaps a wand.
The bolt of acid hits you.
* * * LOW HITPOINT WARNING * * *
The acid corrodes you! The hound bites you.
You die...

#### #
##..###.###
#.........#
#...<.....#
#.........#
####.####+###
#....####.)##
##...@.......
#...hgo.W...
#...........
########..##
.# .. .


You could see a phantom, Ijyb, a hound and an orc.

Vanquished Creatures
  An adder (D:3)
  A dart slug (D:1)
  An orc (D:3)
  A bat (D:1)
  A giant cockroach (D:1)
  3 hobgoblins (D:1)
  2 quokkas
  A ball python (D:3)
  A frilled lizard (D:3)
  3 kobolds
  A rat (D:1)
16 creatures vanquished.

Vanquished Creatures (others)
  2 fungi (D:3)
  3 plants (D:3)
5 creatures vanquished.

Grand Total: 21 creatures vanquished

Notes
Turn   | Place    | Note
-------+----------+-------------------------------------------
     0 | D:1      | Ge0ff the Djinni Monk began the quest for the Orb.
     0 | D:1      | Reached XP level 1. HP: 20/20 MP: 0/0
   360 | D:1      | Reached XP level 2. HP: 21/25 MP: 0/0
  1105 | D:2      | Noticed Jessica
  1135 | D:3      | Reached XP level 3. HP: 30/30 MP: 0/0
  1135 | D:3      | Learned a level 1 spell: Magic Dart
  1434 | D:3      | Found a faded altar of an unknown god.
  1439 | D:3      | Prayed at the altar of an unknown god.
  1439 | D:3      | Became a worshipper of Elyvilon the Healer
  1439 | D:3      | Reached * piety under Elyvilon
  1439 | D:3      | Reached ** piety under Elyvilon
  1526 | D:5      | Entered Level 5 of the Dungeon
  1528 | D:5      | Noticed Ijyb
  1533 | D:5      | Noticed a phantom
  1536 | D:5      | Slain by a hound

Illustrated notes

Levels and vault maps discovered:
D:1:      amcnicky_arrival_underground_garden, layout_basic, serial_forest,
          infiniplex_forest_clump_cross, infiniplex_forest_lined_3,
          infiniplex_forest_lined_corner, infiniplex_forest_end_3,
          infiniplex_forest_lined_room_2, infiniplex_forest_lined_room_,
          infiniplex_forest_clump_double, minmay_misc_feat_hallway
D:2:      layout_rooms, uniq_jessica, uniq_sigmund, uniq_terence
D:3:      layout_loops_corners, nicolae_overflow_crystal_walls,
          shapermc_ecumenical_altar_mp_ritualfount, minmay_increasing_density
D:4:      layout_basic, evilmike_ruin_ashenzari, mainiacjoe_overflow_24_doors,
          nicolae_elyvilon_temple_path, minmay_temple_entry_hall, serial_rivers,
          chequers_serial_rivers_large_b, chequers_serial_rivers_small_b,
          chequers_serial_rivers_small_3, chequers_serial_rivers_micro_e,
          chequers_serial_rivers_micro_c, chequers_serial_rivers_room_a
D:5:      layout_gridville, uniq_ijyb

Skill      XL: |  1 |
---------------+----+-----
Short Blades   | 3 |  3.8
Fighting       | |  3.0
Dodging        | |  3.2
Stealth        | |  1.5

Action                   || total
-------------------------++-------
Melee: Short sword       ||    69
       Punch             ||     1
  Use: Potion            ||     2
       Scroll            ||     2
 Stab: Sleeping          ||     4
Armor: Robe              ||    11
       Skin              ||    32
Dodge: Dodged            ||    36

Table legend: (Time is in decaauts)
 A = Elapsed time spent in this place.
 B = Non-inter-level travel time spent in this place.
 C = Inter-level travel time spent in this place.
 D = Time resting spent in this place.
 E = Time spent auto-exploring this place.
 F = Levels seen in this place.
 G = Mean time per level.
                   A        B        C        D        E       F      G
               +--------+--------+--------+--------+--------+-----+--------+
         Total |   1531 |   1467 |     64 |     32 |   1120 |   5 |  306.2 |
       Dungeon |   1531 |   1467 |     64 |     32 |   1120 |   5 |  306.2 |
               +--------+--------+--------+--------+--------+-----+--------+

Top non-repeatable levels by time:
     D:1: 1097 daAuts
     D:3: 345 daAuts
     D:4: 59 daAuts
     D:2: 19 daAuts
     D:5: 9 daAuts
